General information
- name: BNet
- type: Ladder team game (AT/RT)
- host: Battle.net
- saver: WhenNDoubtAltQQ
map: Deadlands
- players: 8
- length: 41:33
- speed: Fast
- version: 1.28 W3XP
- replay type: Public
» download(241 KB)
Players
team 1 (loser)

»
Le.bon (
red | 71 APM | 2139 actions | 30:09)
6 Demon Hunter
3 Mana Burn
2 Evasion
1 Metamorphosis
5 Priestess of the Moon
3 Trueshot Aura
2 Scout
» actions
| Assign group hotkey | 55 | |
| Basic commands | 19 | |
| Build / train | 99 | |
| Enter build submenu | 36 | |
| Enter hero's abilities submenu | 12 | |
| Give item / drop item | 4 | |
| Remove unit from queue | 1 | |
| Right click | 988 | |
| Select / deselect | 446 | |
| Select group hotkey | 380 | |
| Use ability | 99 | |
2139 total
» units
| Wisp | 34 | |
| Archer | 17 | |
| Druid of the Talon | 7 | |
| Dryad | 6 | |
64 total
» upgrades
| Strength of the Moon | 3 | |
| Improved Bows | 1 | |
| Ultravision | 1 | |
| Abolish Magic | 1 | |
| Strength of the Wild | 1 | |
| Druid of the Talon Training | 1 | |
| Marksmanship | 1 | |
9 total
» buildings
| Moon Well | 7 | |
| Ancient of War | 5 | |
| Altar of Elders | 1 | |
| Ancient of Wonders | 1 | |
| Tree of Life | 6 | |
| Tree of Ages | 3 | |
| Ancient of Wind | 2 | |
| Hunter's Hall | 1 | |
| Ancient of Lore | 2 | |
| Tree of Eternity | 1 | |
| Ancient Protector | 10 | |
39 total
» build order
00:25 Moon Well
00:34 Ancient of War
00:39 Altar of Elders
01:42 Moon Well
01:54 Ancient of Wonders
03:20 Tree of Life
04:00 Ancient of War
04:04 Tree of Ages
04:04 Tree of Ages
05:25 Moon Well
06:33 Ancient of Wind
06:33 Ancient of Wind
06:37 Hunter's Hall
07:45 Ancient of Lore
09:13 Ancient of Lore
11:40 Tree of Eternity
12:22 Moon Well
12:23 Moon Well
12:24 Moon Well
14:26 Ancient of War
14:27 Ancient of War
15:06 Ancient Protector
15:09 Ancient Protector
15:12 Ancient Protector
17:01 Moon Well
18:04 Tree of Life
18:28 Ancient of War
22:19 Tree of Life
22:53 Tree of Life
23:05 Ancient Protector
23:06 Ancient Protector
23:07 Ancient Protector
23:11 Ancient Protector
24:53 Tree of Life
25:05 Ancient Protector
26:45 Ancient Protector
26:46 Ancient Protector
27:33 Tree of Life
» items
| Scroll of Town Portal | 3 | |
| Lesser Clarity Potion | 1 | |
| Staff of Preservation | 1 | |
| Healing Salve | 2 | |
| Orb of Lightning | 1 | |
8 total

»
champagnepapi (
teal | 61 APM | 1860 actions | 30:15)
6 Death Knight
3 Death Coil
2 Unholy Aura
1 Animate Dead
» actions
| Assign group hotkey | 83 | |
| Build / train | 69 | |
| Enter build submenu | 18 | |
| Enter hero's abilities submenu | 6 | |
| Remove unit from queue | 5 | |
| Right click | 1131 | |
| Select / deselect | 368 | |
| Select group hotkey | 135 | |
| Use ability | 45 | |
1860 total
» units
| Acolyte | 3 | |
| Ghoul | 4 | |
| Crypt Fiend | 31 | |
| Obsidian Statue | 6 | |
44 total
» upgrades
| Creature Attack | 3 | |
| Creature Carapace | 2 | |
| Web | 1 | |
6 total
» buildings
| Graveyard | 1 | |
| Crypt | 1 | |
| Altar of Darkness | 1 | |
| Ziggurat | 7 | |
| Tomb of Relics | 1 | |
| Halls of the Dead | 1 | |
| Slaughterhouse | 1 | |
| Black Citadel | 1 | |
| Spirit Tower | 2 | |
| Necropolis | 1 | |
17 total
» build order
00:21 Graveyard
00:29 Crypt
00:47 Altar of Darkness
01:03 Ziggurat
01:16 Tomb of Relics
02:06 Ziggurat
03:07 Ziggurat
05:16 Ziggurat
06:57 Halls of the Dead
10:01 Slaughterhouse
11:05 Ziggurat
13:25 Black Citadel
15:39 Spirit Tower
19:18 Spirit Tower
25:37 Necropolis
27:21 Ziggurat
27:23 Ziggurat
» items
| Potion of Healing | 5 | |
| Healing Salve | 2 | |
| Scroll of Town Portal | 1 | |
8 total
WhenNDoubtAltQQ (
blue | 63 APM | 2615 actions | 41:33)
11 Blademaster
3 Wind Walk
3 Critical Strike
2 Bladestorm
3 Mirror Image
» actions
| Assign group hotkey | 84 | |
| Basic commands | 48 | |
| Build / train | 85 | |
| Enter build submenu | 56 | |
| Enter hero's abilities submenu | 12 | |
| Give item / drop item | 9 | |
| Right click | 1274 | |
| Select / deselect | 384 | |
| Select group hotkey | 445 | |
| Use ability | 218 | |
2615 total
» units
| Peon | 10 | |
| Grunt | 4 | |
| Goblin Shredder | 1 | |
| Goblin Zeppelin | 2 | |
| Wind Rider | 7 | |
| Goblin Sapper | 3 | |
27 total
» upgrades
| Armor | 3 | |
| Ranged Weapons | 3 | |
| Reinforced Defenses | 1 | |
| Envenomed Spears | 1 | |
| Liquid Fire | 1 | |
| Ensnare | 1 | |
| Pillage | 1 | |
| Melee Weapons | 3 | |
| Troll Regeneration | 1 | |
| Burning Oil | 1 | |
| Berserker Upgrade | 1 | |
| Spiked Barricades | 1 | |
18 total
» buildings
| Orc Burrow | 6 | |
| Altar of Storms | 1 | |
| Barracks | 1 | |
| Voodoo Lounge | 2 | |
| War Mill | 2 | |
| Stronghold | 1 | |
| Great Hall | 4 | |
| Watch Tower | 44 | |
| Beastiary | 4 | |
| Fortress | 1 | |
| Necropolis | 1 | |
67 total
» build order
00:10 Orc Burrow
01:06 Altar of Storms
01:09 Barracks
01:28 Voodoo Lounge
02:00 War Mill
02:19 Orc Burrow
02:35 Stronghold
04:56 Orc Burrow
05:13 Great Hall
05:15 Watch Tower
05:16 Watch Tower
05:32 Beastiary
05:33 Beastiary
06:06 Watch Tower
08:22 Fortress
10:28 Watch Tower
10:30 Watch Tower
10:32 Watch Tower
10:33 Watch Tower
10:36 Watch Tower
11:27 Beastiary
11:29 Beastiary
11:34 War Mill
15:34 Watch Tower
15:37 Watch Tower
15:37 Watch Tower
15:38 Watch Tower
15:38 Watch Tower
17:37 Watch Tower
17:38 Watch Tower
19:10 Great Hall
19:16 Great Hall
19:19 Watch Tower
19:19 Watch Tower
19:19 Watch Tower
19:20 Watch Tower
19:22 Watch Tower
19:22 Watch Tower
19:23 Watch Tower
19:23 Watch Tower
19:58 Watch Tower
20:00 Watch Tower
20:02 Watch Tower
20:03 Watch Tower
21:02 Watch Tower
21:03 Watch Tower
21:04 Watch Tower
21:05 Watch Tower
21:06 Watch Tower
21:06 Watch Tower
21:07 Watch Tower
21:07 Watch Tower
21:08 Watch Tower
21:09 Watch Tower
21:09 Watch Tower
21:10 Watch Tower
21:39 Voodoo Lounge
22:42 Orc Burrow
22:46 Orc Burrow
23:26 Orc Burrow
23:29 Watch Tower
23:31 Watch Tower
23:34 Watch Tower
23:38 Watch Tower
23:41 Watch Tower
38:45 Necropolis
38:54 Great Hall
» items
| Healing Salve | 6 | |
| Scroll of Town Portal | 5 | |
| Orb of Lightning | 1 | |
| Potion of Healing | 5 | |
| Potion of Mana | 6 | |
| Lesser Clarity Potion | 2 | |
| Staff of Teleportation | 1 | |
26 total

»
Tonha0 (
yellow | 57 APM | 1736 actions | 30:17)
5 Blademaster
2 Wind Walk
3 Critical Strike
» actions
| Assign group hotkey | 22 | |
| Basic commands | 358 | |
| Build / train | 59 | |
| Enter build submenu | 16 | |
| Enter hero's abilities submenu | 5 | |
| Give item / drop item | 2 | |
| Right click | 590 | |
| Select / deselect | 209 | |
| Select group hotkey | 348 | |
| Use ability | 127 | |
1736 total
» units
| Peon | 21 | |
| Grunt | 5 | |
| Shaman | 4 | |
| Tauren | 2 | |
32 total
» upgrades
| Pillage | 1 | |
| Armor | 1 | |
| Berserker Strength | 1 | |
| Shaman Training | 2 | |
| Pulverize | 1 | |
6 total
» buildings
| Altar of Storms | 1 | |
| Orc Burrow | 12 | |
| Barracks | 1 | |
| War Mill | 1 | |
| Voodoo Lounge | 1 | |
| Great Hall | 3 | |
| Stronghold | 1 | |
| Fortress | 1 | |
| Spirit Lodge | 1 | |
| Watch Tower | 3 | |
| Tauren Totem | 3 | |
28 total
» build order
00:23 Altar of Storms
00:37 Orc Burrow
00:54 Barracks
01:36 Orc Burrow
01:49 War Mill
02:00 Voodoo Lounge
04:31 Great Hall
04:41 Stronghold
05:30 Orc Burrow
05:31 Orc Burrow
05:32 Orc Burrow
05:33 Orc Burrow
08:45 Fortress
09:35 Spirit Lodge
09:49 Watch Tower
09:50 Watch Tower
09:52 Watch Tower
11:38 Tauren Totem
11:40 Tauren Totem
11:41 Tauren Totem
13:52 Orc Burrow
13:54 Orc Burrow
13:55 Orc Burrow
16:18 Orc Burrow
16:19 Orc Burrow
16:20 Orc Burrow
18:04 Great Hall
24:07 Great Hall
» items
| Healing Salve | 3 | |
| Scroll of Speed | 2 | |
| Lesser Clarity Potion | 2 | |
| Tiny Great Hall | 1 | |
| Orb of Lightning | 1 | |
| Potion of Healing | 2 | |
11 total
team 2 (winner)
PizzaPussiSanta (
green | 36 APM | 1411 actions | 39:11)
6 Paladin
3 Devotion Aura
2 Holy Light
1 Resurrection
1 Death Knight
1 Unholy Aura
» actions
| Assign group hotkey | 14 | |
| Basic commands | 61 | |
| Build / train | 67 | |
| Enter build submenu | 21 | |
| Enter hero's abilities submenu | 7 | |
| Right click | 881 | |
| Select / deselect | 295 | |
| Select group hotkey | 25 | |
| Use ability | 40 | |
1411 total
» units
| Peasant | 14 | |
| Footman | 7 | |
| Rifleman | 26 | |
47 total
» upgrades
| Gunpowder | 2 | |
| Armor | 2 | |
| Long Rifles | 2 | |
6 total
» buildings
| Altar of Kings | 1 | |
| Barracks | 2 | |
| Farm | 11 | |
| Blacksmith | 1 | |
| Keep | 1 | |
| Castle | 1 | |
| Town Hall | 2 | |
19 total
» build order
00:08 Altar of Kings
00:15 Barracks
00:39 Farm
01:21 Farm
01:53 Farm
02:19 Blacksmith
02:37 Farm
03:15 Farm
04:27 Farm
05:29 Farm
07:26 Keep
08:53 Barracks
10:02 Farm
10:39 Farm
12:20 Farm
13:07 Farm
15:32 Castle
18:20 Town Hall
31:01 Town Hall
» items
| Potion of Healing | 3 | |
| Rod of Necromancy | 1 | |
4 total

»
cmurdaa (
pink | 46 APM | 1821 actions | 39:50)
6 Priestess of the Moon
3 Searing Arrows
2 Trueshot Aura
1 Starfall
4 Warden
2 Shadow Strike
2 Fan of Knives
» actions
| Assign group hotkey | 38 | |
| Basic commands | 4 | |
| Build / train | 97 | |
| Enter build submenu | 13 | |
| Enter hero's abilities submenu | 10 | |
| Give item / drop item | 1 | |
| Remove unit from queue | 1 | |
| Right click | 628 | |
| Select / deselect | 411 | |
| Select group hotkey | 562 | |
| Use ability | 55 | |
1821 total
» units
| Wisp | 9 | |
| Archer | 12 | |
| Dryad | 10 | |
| Druid of the Talon | 9 | |
| Gargoyle | 16 | |
| Acolyte | 6 | |
62 total
» upgrades
| Strength of the Moon | 2 | |
| Abolish Magic | 1 | |
| Druid of the Talon Training | 1 | |
4 total
» buildings
| Moon Well | 5 | |
| Altar of Elders | 1 | |
| Ancient of War | 2 | |
| Tree of Ages | 1 | |
| Hunter's Hall | 1 | |
| Ancient of Wonders | 1 | |
| Ancient of Lore | 1 | |
| Ancient of Wind | 1 | |
| Tree of Eternity | 1 | |
| Spirit Tower | 1 | |
15 total
» build order
00:12 Moon Well
01:51 Altar of Elders
01:56 Ancient of War
01:58 Ancient of War
02:02 Moon Well
03:42 Moon Well
05:57 Tree of Ages
06:01 Moon Well
06:12 Hunter's Hall
06:17 Ancient of Wonders
08:29 Ancient of Lore
08:33 Ancient of Wind
10:23 Moon Well
17:32 Tree of Eternity
24:03 Spirit Tower
» items
| Scroll of Town Portal | 1 | |
| Scroll of Healing | 2 | |
| Scroll of Protection | 1 | |
| Dust of Appearance | 1 | |
| Potion of Healing | 6 | |
| Potion of Mana | 2 | |
| Rod of Necromancy | 1 | |
14 total
Impaired_ (
orange | 37 APM | 359 actions | 09:40)
3 Death Knight
2 Death Coil
1 Unholy Aura
2 Lich
1 Frost Nova
1 Frost Armor
» actions
| Build / train | 24 | |
| Enter build submenu | 11 | |
| Enter hero's abilities submenu | 5 | |
| Give item / drop item | 1 | |
| Remove unit from queue | 1 | |
| Right click | 204 | |
| Select / deselect | 92 | |
| Use ability | 21 | |
359 total
» units
| Acolyte | 3 | |
| Ghoul | 2 | |
| Crypt Fiend | 6 | |
11 total
» buildings
| Graveyard | 1 | |
| Crypt | 1 | |
| Ziggurat | 4 | |
| Altar of Darkness | 1 | |
| Tomb of Relics | 1 | |
| Halls of the Dead | 1 | |
| Spirit Tower | 2 | |
| Necropolis | 1 | |
12 total
» build order
00:26 Graveyard
00:32 Crypt
00:39 Ziggurat
01:03 Altar of Darkness
01:29 Ziggurat
01:33 Tomb of Relics
02:31 Ziggurat
04:05 Halls of the Dead
06:50 Spirit Tower
06:57 Spirit Tower
07:29 Ziggurat
08:54 Necropolis
» items
STEAL-HALLOWEEN (
purple | 74 APM | 3095 actions | 41:33)
6 Blademaster
3 Wind Walk
2 Critical Strike
1 Bladestorm
» actions
| Assign group hotkey | 42 | |
| Basic commands | 171 | |
| Build / train | 104 | |
| Enter build submenu | 44 | |
| Enter hero's abilities submenu | 7 | |
| Give item / drop item | 1 | |
| Right click | 1094 | |
| Select / deselect | 334 | |
| Select group hotkey | 1118 | |
| Use ability | 180 | |
3095 total
» units
| Peon | 13 | |
| Grunt | 2 | |
| Goblin Shredder | 2 | |
| Troll Batrider | 21 | |
| Acolyte | 1 | |
| Gargoyle | 3 | |
| Wind Rider | 3 | |
| Goblin Sapper | 10 | |
| Raider | 2 | |
57 total
» upgrades
| Ranged Weapons | 2 | |
| Armor | 2 | |
| Liquid Fire | 1 | |
| Reinforced Defenses | 1 | |
| Creature Attack | 2 | |
| Creature Carapace | 1 | |
| Ensnare | 1 | |
| Melee Weapons | 1 | |
| Envenomed Spears | 1 | |
12 total
» buildings
| Altar of Storms | 1 | |
| Orc Burrow | 7 | |
| Barracks | 1 | |
| Voodoo Lounge | 1 | |
| Stronghold | 2 | |
| War Mill | 1 | |
| Great Hall | 4 | |
| Watch Tower | 34 | |
| Beastiary | 3 | |
| Fortress | 2 | |
| Crypt | 1 | |
57 total
» build order
00:07 Altar of Storms
00:17 Orc Burrow
00:37 Barracks
01:22 Orc Burrow
01:56 Voodoo Lounge
03:07 Stronghold
03:07 Stronghold
03:24 War Mill
03:54 Great Hall
04:00 Great Hall
04:14 Orc Burrow
05:18 Watch Tower
05:18 Watch Tower
05:19 Watch Tower
05:58 Watch Tower
06:12 Beastiary
06:33 Watch Tower
06:33 Watch Tower
06:56 Watch Tower
06:56 Watch Tower
07:31 Fortress
07:32 Fortress
07:34 Beastiary
08:28 Watch Tower
08:29 Watch Tower
08:29 Watch Tower
09:25 Watch Tower
09:47 Watch Tower
10:08 Orc Burrow
10:53 Crypt
11:35 Watch Tower
11:35 Watch Tower
11:40 Watch Tower
12:33 Orc Burrow
12:52 Watch Tower
12:56 Watch Tower
14:12 Beastiary
15:43 Great Hall
16:36 Orc Burrow
17:42 Watch Tower
17:54 Watch Tower
20:03 Watch Tower
20:05 Watch Tower
20:09 Watch Tower
21:15 Watch Tower
21:18 Watch Tower
22:11 Watch Tower
23:12 Orc Burrow
23:19 Watch Tower
23:56 Watch Tower
23:57 Watch Tower
23:57 Watch Tower
25:02 Watch Tower
25:02 Watch Tower
25:02 Watch Tower
25:47 Watch Tower
31:13 Great Hall
» items
| Healing Salve | 3 | |
| Lesser Clarity Potion | 3 | |
| Staff of Teleportation | 1 | |
| Potion of Lesser Invulnerability | 1 | |
| Orb of Lightning | 1 | |
| Scroll of Town Portal | 4 | |
| Potion of Mana | 1 | |
| Potion of Healing | 3 | |
| Tiny Great Hall | 1 | |
18 total
Chat log
(00:12 / Allies) champagnepapi: lets fuck em up
(00:16 / Allies) WhenNDoubtAltQQ: let's go boys
(00:24 / Allies) champagnepapi: hard n in ass
(00:31 / Allies) Tonha0: rush o cc?
(00:42 / Allies) Le.bon: fast expo
(00:47 / Allies) Le.bon: then hit them
(00:50 / Allies) Le.bon: exp
(00:57 / Allies) Le.bon: real quick
(01:15 / All) STEAL-HALLOWEEN: i have a tummy ache
(01:19 / Allies) Le.bon: il help after ine
(01:39 / All) Impaired_: weed is good for that
(01:41 / Allies) WhenNDoubtAltQQ: I'm expoing there
(02:21 / Allies) WhenNDoubtAltQQ: fuck lol
(02:24 / Allies) WhenNDoubtAltQQ: I forgot to make my second burrow
(02:37 / Allies) champagnepapi: hate when that happens
(02:38 / Allies) Le.bon: game over
(02:41 / Allies) WhenNDoubtAltQQ: lawl
(02:54 / Allies) Tonha0: u help red
(02:58 / Allies) champagnepapi: forgot to click hero lul
(03:50 / Allies) Le.bon: no need mana at all..
(03:56 / Allies) Tonha0: ty
(04:29 / Allies) Le.bon: u go creep
(04:31 / Allies) Le.bon: il scout
(04:54 / Allies) Tonha0: out red
(05:06 / Allies) Le.bon: comme
(05:16 / Allies) Le.bon: NOW
(05:19 / Allies) champagnepapi: comin
(05:21 / Allies) Tonha0: heal hero
(07:35 / Allies) Le.bon: fuck u oj n blue
(09:04 / Allies) Tonha0: plz lumber
(09:32 / All) Impaired_: kek
(09:47 / All) WhenNDoubtAltQQ: what a bitch lol
(11:07 / Allies) Le.bon: bats
(11:41 / Allies) WhenNDoubtAltQQ: I'm injured and my shit died creeping soz
(15:15 / All) WhenNDoubtAltQQ: faery fire lasts way too fucking long
(15:42 / Allies) Le.bon: ¸wood
(17:23 / All) champagnepapi: die
(19:14 / All) Le.bon: lel
(19:17 / All) Le.bon: tipic hacker
(22:16 / Allies) Tonha0: units blue
(22:17 / Allies) Tonha0: ??
(22:24 / Allies) Tonha0: 3kk de gold
(22:31 / Allies) WhenNDoubtAltQQ: banking at 50 food
(23:16 / All) Le.bon: gold and wood
(23:20 / Allies) Le.bon: blue
(23:35 / Allies) Tonha0: dead bats
(23:47 / Allies) Tonha0: plz 100 gold me
(23:50 / Allies) Tonha0: plz
(24:36 / Allies) Tonha0: dead bats purple
(25:33 / Allies) Tonha0: units blue?
(25:44 / Allies) Tonha0: bats dead bats purple plz
(26:52 / Allies) Le.bon: gold blue
(26:58 / Allies) Tonha0: meet red
(28:02 / Allies) Tonha0: dead expan purple
(28:06 / Allies) Le.bon: blue teamm up with purp
(28:24 / Allies) Le.bon: lel
(28:30 / Allies) Tonha0: dead towers
(28:31 / Allies) Le.bon: logic of 2 dum
(28:47 / Allies) Le.bon: watch
(29:03 / Allies) WhenNDoubtAltQQ: wtf red
(29:05 / Allies) WhenNDoubtAltQQ: why did you tk me?
(29:13 / All) STEAL-HALLOWEEN: useless allies
(29:14 / All) STEAL-HALLOWEEN: not doing shit
(29:15 / Allies) WhenNDoubtAltQQ: you fucking bitch red
(29:19 / Allies) Le.bon: ya
(29:24 / Allies) Le.bon: suck a dick to
(29:32 / Allies) WhenNDoubtAltQQ: fuck you tk
(29:36 / Allies) Le.bon: yea
(29:39 / Allies) Le.bon: il help u
(29:47 / Allies) Tonha0: fiugth red
(30:11 / Allies) champagnepapi: cant split up
(32:46 / All) STEAL-HALLOWEEN: this was a chatoic game
(32:49 / All) STEAL-HALLOWEEN: nonstop action
(34:01 / All) WhenNDoubtAltQQ: that shreddar was a veteran
(34:06 / All) WhenNDoubtAltQQ: that served me well
(34:10 / All) WhenNDoubtAltQQ: you'll pay for that
(34:42 / All) STEAL-HALLOWEEN: i honestly didnt pay attention to my teams chat all game
(34:48 / All) STEAL-HALLOWEEN: i was so focused on yellow and red
(34:50 / All) STEAL-HALLOWEEN: which i took out
(35:13 / All) PizzaPussiSanta: pat yourself on your back
(35:35 / All) PizzaPussiSanta: "focused"
(37:49 / All) STEAL-HALLOWEEN: yes
(38:07 / All) WhenNDoubtAltQQ: I'm pretty good with 1 bm
(38:09 / All) WhenNDoubtAltQQ: Now I got two!
(40:03 / All) STEAL-HALLOWEEN: red lose i say?
(40:12 / All) WhenNDoubtAltQQ: best stats so far
(40:14 / All) WhenNDoubtAltQQ: stats ur team
(40:31 / All) WhenNDoubtAltQQ: red is 48-34
(41:12 / All) WhenNDoubtAltQQ: yeh red lose unless you want to give orange a loss for bitching out
(41:17 / All) WhenNDoubtAltQQ: because he got his expo denied
(41:18 / All) STEAL-HALLOWEEN: no
(41:21 / All) WhenNDoubtAltQQ: red lose?
(41:29 / All) STEAL-HALLOWEEN: ytc